 Dungeon Crawl Stone Soup version 0.32-a0-560-g4c7f4391e0 (webtiles) character file.

Game seed: 547463913816045224

115 Echelon the Shield-Bearer (level 5, -8/42 HPs)
             Began as a Formicid Fighter on Feb 29, 2024.
             Killed by divine providence
             ... invoked by an orc priest
              (12 damage)
             ... on level 3 of the Dungeon.
             The game lasted 00:03:50 (2198 turns).

Echelon the Shield-Bearer (Formicid Fighter)        Turns: 2198, Time: 00:03:51

Health: -8/42      AC:  7    Str: 22    XL:     5   Next: 20%
Magic:  5/5        EV:  9    Int:  8    God:
Gold:   122        SH:  5    Dex: 13    Spells: 4/4 levels left

rFire   . . .        a - +0 war axe
rCold   . . .        c - +0 buckler
rNeg    . . .        b - +0 scale mail
rPois   .            (helmet unavailable)
rElec   .            (no cloak)
rCorr   .            (no gloves)
SInv    +            (no boots)
Will    .....        (no amulet) Stlth
                     (no ring)
HPRegen 0.27/turn    (no ring)
MPRegen 0.09/turn

%: no passive effects
@: no status effects
A: permanent stasis, dig shafts and tunnels, antennae 3, four strong arms
a: Dig, Shaft Self, Convert to Beogh


You were on level 3 of the Dungeon.
You visited 1 branch of the dungeon, and saw 4 of its levels.

You collected 122 gold pieces.

Inventory:

Hand Weapons
 a - a +0 war axe (weapon)
Armour
 b - a +0 scale mail (worn)
 c - a +0 buckler (worn)
Jewellery
 m - a ring of protection from cold
 n - a ring of magical power
Scrolls
 f - 8 scrolls of identify
 g - 2 scrolls of fear
 i - a scroll of vulnerability {unknown}
 k - 2 scrolls of amnesia {unknown}
 p - a scroll of noise {unknown}
 q - 3 scrolls of teleportation {unknown}
Potions
 d - a potion of might
 e - a potion of mutation {unknown}
 h - a potion of brilliance {unknown}
 j - a potion of haste {unknown}
 l - a potion of berserk rage {unknown}
 o - a potion of curing {unknown}


   Skills:
 + Level 3.7 Fighting
 + Level 3.6 Axes
 + Level 4.0 Armour
 + Level 0.6 Dodging
 + Level 0.6 Stealth
 + Level 4.4 Shields


You had 4 spell levels left.
You didn't know any spells.
Your spell library contained the following spells:

 Spells                   Type           Power      Damage    Failure   Level
 Slow                     Hex            0%         N/A       80%         1
 Mercury Vapours          Alch/Air       0%         N/A       90%         2
 Confusing Touch          Hex            0%         N/A       99%         3
 Mephitic Cloud           Conj/Alch/Air  0%         N/A       99%         3
 Sigil of Binding         Hex            0%         N/A       99%         3
 Vampiric Draining        Necr           0%         2d6       99%         3
 Freezing Cloud           Conj/Ice/Air   0%         6-21      100%        5


Dungeon Overview and Level Annotations

Branches:
Dungeon (4/15)
 Temple: D:4-7

Altars:


Innate Abilities, Weirdness & Mutations

You cannot be hasted, slowed, berserked, paralysed or teleported.
You can dig through walls and to a lower floor.
You have a pair of large antennae on your head. (SInv)
Your four strong arms can wield two-handed weapons with a shield.


Message History

The magic dart hits you. The orc attacks as it pursues you!
The orc hits you with a +0 short sword.
You're too confused to move!
The orc wizard points at you and mumbles some strange words.
The puff of flame hits you but does no damage.
The orc attacks as it pursues you! The orc hits you but does no damage.
The orc wizard mumbles some strange words.
The orc wizard flickers and vanishes for a moment.
You miss the orc. You closely miss the orc. The orc barely misses you.
The orc hits you but does no damage. x2
You miss the orc wizard.
The orc wizard is lightly wounded.
You miss the goblin. You closely miss the orc.
The goblin hits you but does no damage. The orc hits you but does no damage.
You closely miss the orc wizard.
The orc wizard is lightly wounded.
You closely miss the goblin. You hit the orc.
You feel less confused.
The orc wizard hits you but does no damage.
The goblin hits you with a +0 dagger. The orc hits you but does no damage.
The orc priest calls down the wrath of Beogh upon you.
Beogh smites you! The goblin hits you but does no damage.
The orc priest shouts, "Beogh offers mercy even to people such as you.
Join us and be reborn!" (press Y on the ability menu to convert to Beogh)
As you read the scroll labelled PYROTHU XIME, it crumbles to dust.
It is a scroll of identify.
g - 2 scrolls of fear The orc closely misses you.
The orc wizard misses you. The goblin barely misses you.
You closely miss the orc. You slash the goblin!
You kill the goblin!
You barely miss the orc. You hit the orc wizard.
The orc hits you with a +0 short sword. The orc hits you with a +0 mace!
* * * LOW HITPOINT WARNING * * *
You block the orc wizard's attack. The orc hits you with a +0 mace.
* * * LOW HITPOINT WARNING * * *
The orc misses you.
The orc priest calls down the wrath of Beogh upon you.
Beogh smites you!
You die...

#.#.. #..# ##.#
###...####)###..# .
........#.....## ..
######..#.........## ...,
............>....... ....,
##...)..##.####.## ....
###...........##.###
#..##.oo.##.###.#......#
####....o@.##..##.####.#.#
.?....)..o#####.##.# #.#.#
###+##....# #..#.# #....
#....# ##...## ####.
#....# ##...### ## #....#
##....##### #....#
##.....#... #....#
##.........^ #....#
#...........


You could see an orc priest, an orc wizard (invisible) and 2 orcs.

Vanquished Creatures
  A bombardier beetle (D:3)
  Terence (D:2)
  An adder (D:2)
  A dart slug (D:1)
  2 orcs (D:3)
  6 ball pythons
  5 endoplasms
  A giant cockroach (D:1)
  2 goblins
  5 hobgoblins
  2 quokkas
  7 bats
  A frilled lizard (D:2)
  3 kobolds
  3 rats (D:1)
41 creatures vanquished.

Notes
Turn   | Place    | Note
-------+----------+-------------------------------------------
     0 | D:1      | Echelon the Formicid Fighter began the quest for the Orb.
     0 | D:1      | Reached XP level 1. HP: 18/18 MP: 1/1
   223 | D:1      | Reached XP level 2. HP: 24/24 MP: 2/2
   609 | D:1      | Reached XP level 3. HP: 29/29 MP: 3/3
   982 | D:1      | You fall into a shaft and drop 1 floor!
  1169 | D:2      | Noticed Terence
  1182 | D:2      | Killed Terence
  1183 | D:2      | Reached XP level 4. HP: 9/37 MP: 4/4
  2020 | D:2      | Found a faded altar of an unknown god.
  2058 | D:2      | You fall into a shaft and drop 2 floors!
  2137 | D:3      | Reached XP level 5. HP: 37/42 MP: 5/5
  2198 | D:3      | Killed from afar by an orc priest

Illustrated notes

Levels and vault maps discovered:
D:1:      mainiacjoe_arrival_oval_in_oval, layout_loops_corners, serial_forest,
          infiniplex_forest_lined_3, infiniplex_forest_lined_2,
          infiniplex_forest_lined_corner, infiniplex_forest_side_room,
          infiniplex_forest_end_2, infiniplex_forest_lined_4_way,
          infiniplex_forest_straight_2, infiniplex_forest_lined_3
D:2:      layout_basic, serial_glass, glass_columns_a, glass_columns_a,
          chequers_ecumenical_altar_grove, grunt_ministairs_6,
          roderic_roman_lattice, uniq_terence
D:3:      layout_rooms, lemuel_tele_altar, lemuel_round_altar,
          jmf_multi_god_temple, uniq_robin
D:4:      layout_rooms, minmay_temple_entry_enclosed_plants, st_stairs_12,
          dk_rats_in_the_wall, uniq_pikel

Skill      XL: |  1  2  3  4 |
---------------+-------------+-----
Axes           | 3 |  3.6
Armour         | 4 |  4.0
Fighting       | |  3.7
Dodging        | |  0.6
Stealth        | |  0.6
Shields        | |  4.4

Action                     |  1- 3 |  4- 6 || total
---------------------------+-------+-------++-------
  Melee: War axe           |    71 |    55 ||   126
Ability: Shaft Self        |     1 |     1 ||     2
    Use: Scroll            |       |     1 ||     1
 Armour: Scale mail        |    75 |    53 ||   128
  Dodge: Dodged            |    41 |    46 ||    87
  Block: Buckler           |    24 |    15 ||    39

Table legend: (Time is in decaauts)
 A = Elapsed time spent in this place.
 B = Non-inter-level travel time spent in this place.
 C = Inter-level travel time spent in this place.
 D = Time resting spent in this place.
 E = Time spent auto-exploring this place.
 F = Levels seen in this place.
 G = Mean time per level.
                   A        B        C        D        E       F      G
               +--------+--------+--------+--------+--------+-----+--------+
         Total |   2245 |   2234 |     11 |      0 |   1561 |   4 |  561.2 |
       Dungeon |   2245 |   2234 |     11 |      0 |   1561 |   4 |  561.2 |
               +--------+--------+--------+--------+--------+-----+--------+

Top non-repeatable levels by time:
     D:2: 1100 daAuts
     D:1: 1001 daAuts
     D:3: 124 daAuts
     D:4: 19 daAuts
